 Dungeon Crawl Stone Soup version 0.25.1-2-g60ff931df9 (webtiles) character file.

Game seed: 13452381578704783219

621 DerDa the Ducker (level 7, -7/56 HPs)
             Began as a Merfolk Gladiator on Sept 16, 2020.
             Was an Initiate of Okawaru.
             Killed by divine providence
             ... invoked by an orc priest
              (12 damage)
             ... on level 7 of the Dungeon.
             The game lasted 00:10:01 (5348 turns).

DerDa the Ducker (Merfolk Gladiator)                Turns: 5348, Time: 00:10:01

Health: -7/56      AC: 12    Str: 14    XL:     7   Next: 46%
Magic:  7/7        EV:  8    Int:  8    God:    Okawaru [......]
Gold:   263        SH: 12    Dex: 17    Spells: 6/6 levels left

rFire    . . .     SeeInvis .   M - +0 spear (freeze)
rCold    . . .     Gourm    .   t - +0 tower shield
rNeg     . . .     Faith    .   u - +0 scale mail
rPois    .         Spirit   .   c - +0 helmet
rElec    .         Reflect  .   (no cloak)
rCorr    .         Harm     .   s - +0 pair of gloves
MR       .....                  (no boots)
Stlth    ..........             (no amulet)
HPRegen  0.18/turn              K - ring of wizardry
MPRegen  0.10/turn              J - +4 ring of protection

@: hasted, very quick
A: change form in water, swift swim, stealthy swim
a: Renounce Religion


You were on level 7 of the Dungeon.
You worshipped Okawaru.
Okawaru was noncommittal.
You were not hungry.

You visited 2 branches of the dungeon, and saw 8 of its levels.
You also visited: Ossuary.

You collected 263 gold pieces.

Inventory:

Hand Weapons
 a - a +0 trident
 F - a +0 hunting sling
 M - a +0 spear of freezing (weapon)
Missiles
 d - 3 throwing nets (quivered)
 v - 62 bolts
 w - 23 poisoned darts
 G - 37 stones
Armour
 b - a +0 leather armour
 c - a +0 helmet (worn)
 s - a +0 pair of gloves (worn)
 t - a +0 tower shield (worn)
 u - a +0 scale mail (worn)
Jewellery
 y - an uncursed ring of poison resistance {unknown}
 J - a +4 ring of protection (right hand)
 K - a ring of wizardry (left hand)
Wands
 C - a wand of flame (15)
 I - a wand of paralysis (7)
Scrolls
 h - 5 scrolls of identify
 i - a scroll of magic mapping
 l - 2 scrolls of amnesia
 n - 4 scrolls of enchant weapon
 p - 5 scrolls of remove curse
 z - a scroll of fog
 D - 2 scrolls of enchant armour {unknown}
 E - a scroll of blinking {unknown}
 H - 2 scrolls of teleportation {unknown}
 N - a scroll of immolation {unknown}
Potions
 e - 2 potions of magic
 g - 3 potions of haste
 j - 2 potions of resistance {unknown}
 k - 2 potions of brilliance {unknown}
 m - 3 potions of curing {unknown}
 o - a potion of flight {unknown}
 q - a potion of lignification {unknown}
 r - a potion of stabbing {unknown}
 x - a potion of cancellation {unknown}
 A - a potion of heal wounds {unknown}
 B - 2 potions of berserk rage {unknown}
Comestibles
 f - 9 rations
 L - 2 chunks of flesh


   Skills:
 * Level 5.0 Fighting
 + Level 6.1 Polearms
 - Level 2.0 Throwing
 + Level 1.9 Armour
 * Level 6.7 Dodging
 + Level 2.2 Shields
 + Level 0.9 Invocations
 + Level 0.4 Evocations


You had 6 spell levels left.
You didn't know any spells.
Your spell library contained the following spells:

 Spells                   Type           Power        Failure   Level  Hunger
 Confusing Touch          Hex            #.......     100%        3    ####...
 Gell's Gravitas          Tloc           #.........   100%        3    ####...
 Petrify                  Tmut/Erth      #.......     100%        4    #####..
 Metabolic Englaciation   Hex/Ice        #.........   100%        5    ######.
 Yara's Violent Unravell  Hex/Tmut       #.........   100%        5    ######.


Dungeon Overview and Level Annotations

Branches:
Dungeon (8/15)             Temple (1/1) D:5         Ossuary (visited)
   Lair: D:8-11

Altars:
Ashenzari
Cheibriados
Dithmenos
Elyvilon
Fedhas
Gozag
Hepliaklqana
Kikubaaqudgha
Makhleb
Okawaru
Qazlal
Ru
Sif Muna
Trog
Uskayaw
Vehumet
Xom
Zin
The Shining One

Annotations:
D:3 Sigmund


Message History

Pain shoots through your body! The orc priest barely misses you.
Unknown command.
Okay, then.
You hit the orc priest but do no damage.
The orc priest is lightly wounded.
The orc hits you but does no damage. The orc warrior closely misses you.
The orc priest calls down the wrath of Beogh upon you.
Beogh smites you!
* * * LOW HITPOINT WARNING * * *
You block the orc priest's attack.
It was a potion of magic.
Magic courses through your body. You block the orc's attack.
You block the orc priest's attack.
The orc warrior hits you from afar with a +0 trident.
* * * LOW HITPOINT WARNING * * *
You block the orc priest's attack.
It was a potion of haste.
You feel yourself speed up. You block the orc's attack.
The orc priest calls down the wrath of Beogh upon you.
Beogh smites you!
You die...

#. ### ##.# ... ...
#.# . #.. ... ..
#..###.# <.#
##.....###...#
#.oo##.......#
#oo..##....# #
#@o##...# #.
#.....### ..#
#.####..#### #..#
#......## #...
####....# #...
#....##.#
#..#####>##.##.#
#........##.##..
.###.....####.###..


You could see an orc warrior, 2 orc priests and 2 orcs.

Vanquished Creatures
  An elf zombie (Ossuary)
  A bullfrog zombie (D:3)
  4 centaur zombies (Ossuary)
  An orc priest (D:4)
  A human zombie (Ossuary)
  An iguana (D:4)
  3 worker ants (D:4)
  2 hound zombies
  2 mummies (Ossuary)
  Robin (D:4)
  3 gnolls (D:4)
  5 adders
  An adder zombie (Ossuary)
  4 dart slugs
  5 leopard geckos
  4 orcs
  3 giant cockroaches
  10 goblins
  8 hobgoblins
  4 jackals (D:3)
  A quokka (D:7)
  2 ball pythons
  A bat (D:1)
  3 frilled lizards
  5 hobgoblin zombies (Ossuary)
  2 jackal zombies (Ossuary)
  5 kobolds
  10 kobold zombies (Ossuary)
  10 orc zombies (Ossuary)
  A quokka skeleton (D:4)
  10 rats
  3 rat zombies (Ossuary)
117 creatures vanquished.

Notes
Turn   | Place    | Note
-------+----------+-------------------------------------------
     0 | D:1      | DerDa the Merfolk Gladiator began the quest for the Orb.
     0 | D:1      | Reached XP level 1. HP: 16/16 MP: 1/1
   260 | D:1      | Reached XP level 2. HP: 5/23 MP: 2/2
   650 | D:1      | Reached XP level 3. HP: 23/28 MP: 3/3
  1172 | D:2      | Found a shimmering blue altar of Sif Muna.
  1763 | D:2      | Found a faded altar of an unknown god.
  2005 | D:3      | Reached skill level 5 in Polearms
  2005 | D:3      | Reached XP level 4. HP: 35/35 MP: 4/4
  2252 | D:3      | Reached skill level 5 in Dodging
  2430 | D:3      | Noticed Sigmund
  2773 | D:3      | Reached skill level 1 in Armour
  2907 | D:4      | Reached XP level 5. HP: 38/41 MP: 5/5
  2961 | D:4      | Reached skill level 1 in Shields
  3493 | D:4      | Found a white marble altar of Elyvilon.
  3536 | D:4      | Reached XP level 6. HP: 48/48 MP: 6/6
  3537 | D:4      | Noticed Robin
  3549 | D:4      | Killed Robin
  4076 | D:4      | Found a shimmering altar of Xom.
  4078 | D:4      | Found a hide-covered altar of Uskayaw.
  4080 | D:4      | Found a hazy altar of Hepliaklqana.
  4242 | D:5      | Entered Level 5 of the Dungeon
  4262 | D:5      | Found a staircase to the Ecumenical Temple.
  4280 | Temple   | Entered the Ecumenical Temple
  4306 | Temple   | Became a worshipper of Warmaster Okawaru
  4368 | D:5      | Found a sand-covered staircase.
  4374 | Ossuary  | Entered an ossuary
  4646 | Ossuary  | Reached XP level 7. HP: 22/55 MP: 7/7
  5102 | D:5      | Reached skill level 5 in Fighting
  5158 | D:5      | Found a burning altar of Makhleb.
  5218 | D:5      | You fall into a shaft and drop 3 floors!
  5348 | D:7      | Killed from afar by an orc priest

Illustrated notes

Levels and vault maps discovered:
D:1:      onia_arrival_mini_maze, layout_basic
D:2:      cheibrodos_old_hovel, layout_loops_ring, lemuel_blue_sif_altar,
          chequers_ecumenical_altar_lobes
D:3:      layout_loops_ring, uniq_sigmund
D:4:      layout_loops_corners, minitemple, due_unseen_surprise, uniq_robin
D:5:      layout_basic, lemuel_doored_altar, temple_fountains,
          lightli_ossuary_entry_decrepit_ruins, first_ration
D:7:      layout_rooms, kennysheep_flooded_box, guppyfry_shop_venom
D:8:      layout_rooms, grunt_temple_overflow_open, serial_shops, shop
Temple:   cyrus_circular_temple

Skill      XL: |  1  2  3  4  5  6  7 |
---------------+----------------------+-----
Fighting       | 3 4 5 |  5.0
Polearms       | 5 6 |  6.1
Dodging        | 5 6 |  6.7
Armour         | 1 |  1.9
Shields        | 1 2 |  2.2
Throwing       | |  2.0
Invocations    | |  0.9
Evocations     | |  0.4

Action                   |  1- 3 |  4- 6 |  7- 9 || total
-------------------------+-------+-------+-------++-------
Melee: Trident           |   132 |   328 |    95 ||   555
       Spear             |       |       |    14 ||    14
Evoke: Wand              |       |     3 |       ||     3
  Use: Scroll            |       |     6 |       ||     6
       Potion            |       |       |     2 ||     2
 Stab: Sleeping          |     1 |     1 |       ||     2
  Eat: Chunk             |     4 |     8 |       ||    12
       Ration            |       |       |     1 ||     1
Armor: Leather armour    |    18 |       |       ||    18
       Scale mail        |     8 |   111 |    43 ||   162
Dodge: Dodged            |    55 |    83 |    32 ||   170
Block: Tower shield      |    21 |   185 |    67 ||   273
